 Dungeon Crawl Stone Soup version 0.31-a0-236-g9a0961fb85 (webtiles) character file.

Game seed: 2395000549390053413

87 qw the Shooter (level 4, 0/36 HPs)
             Began as a Minotaur Hexslinger on July 10, 2023.
             Slain by an orc wizard
             ... wielding a +2 dagger of protection
              (6 damage)
             ... on level 3 of the Dungeon.
             The game lasted 00:00:57 (1624 turns).

qw the Shooter (Minotaur Hexslinger)                Turns: 1624, Time: 00:00:58

Health: 0/36       AC:  3    Str: 13    XL:     4   Next: 28%
Magic:  4/4        EV: 12    Int: 10    God:
Gold:   80         SH:  0    Dex: 14    Spells: 4/5 levels left

rFire   . . .        a - +1 sling
rCold   . . .        (no shield)
rNeg    + . .        e - +0 leather armour
rPois   .            (helmet restricted)
rElec   .            (no cloak)
rCorr   .            (no gloves)
SInv    .            (no boots)
Will    .....        (no amulet)
Stlth   +            f - ring of positive energy
HPRegen 0.26/turn    (no ring)
MPRegen 0.09/turn

%: no passive effects
@: confused
A: horns 2, retaliatory headbutt
a: no special abilities


You were on level 3 of the Dungeon.
You visited 1 branch of the dungeon, and saw 3 of its levels.

You collected 126 gold pieces.
You spent 46 gold pieces at shops.


Innate Abilities, Weirdness & Mutations

You have a pair of horns on your head.
You reflexively headbutt those who attack you in melee.


   Skills:
 - Level 2.0 Fighting
 + Level 4.8 Ranged Weapons
 - Level 2.1 Dodging
 - Level 1.0 Spellcasting
 - Level 2.0 Hexes


You had 4 spell levels left.
You knew the following spells:

 Your Spells              Type           Power      Damage    Failure   Level
a - Slow                  Hex            16%        N/A       19%         1

Your spell library contained the following spells:

 Spells                   Type           Power      Damage    Failure   Level
 Inner Flame              Hex/Fire       2%         N/A       65%         3
 Portal Projectile        Hex/Tloc       4%         N/A       65%         3
 Cause Fear               Hex            2%         N/A       88%         4

Inventory:

Hand Weapons
 a - a +1 sling (weapon)
Armour
 c - a +0 cloak
 e - a +0 leather armour (worn)
Jewellery
 f - a ring of positive energy (left hand)
 g - a ring of ice
 j - a +4 ring of slaying {mikee}
Potions
 b - a potion of brilliance {unknown}
 d - a potion of degeneration {unknown}
 h - a potion of heal wounds {unknown}
 i - a potion of enlightenment

Dungeon Overview and Level Annotations

Branches:
Dungeon (3/15)

Altars:

Shops:
D:1 *


Message History

The orc is heavily wounded.
Something hits you.
You shoot a sling bullet.
The sling bullet completely misses the orc.
The sling bullet barely misses the orc.
Something hits you. The orc hits you with a +0 short sword.
You shoot a sling bullet.
The sling bullet closely misses the orc.
The sling bullet barely misses the orc.
Something hits you. The orc misses you.
You shoot a sling bullet. The sling bullet barely misses the orc.
The orc hits you with a +0 short sword. The orc hits you but does no damage.
The orc barely misses you. You furiously retaliate!
You headbutt the orc.
You kill the orc!
You shoot a sling bullet.
The sling bullet closely misses the orc.
The orc hits you with a +0 dagger. x2; Something hits you.
You shoot a sling bullet. The sling bullet barely misses the orc.
The orc barely misses you. The orc hits you with a +0 dagger.
Something hits you but does no damage.
You shoot a sling bullet. The sling bullet barely misses the orc.
The orc closely misses you. The orc hits you with a +0 dagger.
You hear some strange, mumbled words.
A puff of flame appears from out of thin air!
The puff of flame misses you.
You shoot a sling bullet.
The sling bullet hits the orc but does no damage.
The orc barely misses you. The orc hits you but does no damage.
Something hits you.
You shoot a sling bullet. The sling bullet hits the orc.
The orc is lightly wounded.
The orc hits you with a +0 dagger. The orc hits you but does no damage.
You hear some strange, mumbled words.
You are confused.
Something hits you. The orc misses you. The orc hits you but does no damage.
The orc closely misses you. The orc barely misses you. Something hits you.
The orc barely misses you. The orc hits you with a +0 dagger.
Something hits you but does no damage. The orc closely misses you.
The orc misses you. Something hits you.
You die...

#......)###..###
#.......# #[...#
.........###....####.
##...............(...
###############.....
########.......
######..............
#.{.........####.##.
#.o@......### .# #
#.)o...........###
................###
.............###....
.....#.......# ###.#
.............# .
.....#.........
.....#.........


You could see 2 orcs.

Vanquished Creatures
  3 adders (D:2)
  A worm (D:3)
  A dart slug (D:1)
  2 orcs (D:3)
  5 endoplasms
  A giant cockroach (D:2)
  2 goblins
  3 hobgoblins
  14 jackals
  A quokka (D:2)
  4 ball pythons
  3 bats
  4 frilled lizards
  3 kobolds
  5 rats
52 creatures vanquished.

Notes
Turn   | Place    | Note
-------+----------+-------------------------------------------
     0 | D:1      | qw the Minotaur Hexslinger began the quest for the Orb.
     0 | D:1      | Reached XP level 1. HP: 16/16 MP: 1/1
     0 | D:1      | 0 ||| qw: Version: 0.3-a-52-g30416fa
     0 | D:1      | 0 ||| qw: Game counter: 4819
     0 | D:1      | 0 ||| qw: Melee chars always use a shield: true
     0 | D:1      | 0 ||| qw: God list: Okawaru
     0 | D:1      | 0 ||| qw: Allow faded altars: false
     0 | D:1      | 0 ||| qw: Do Orc after clearing Dungeon:15 true
     0 | D:1      | 0 ||| qw: Do second Lair branch before Depths: true
     0 | D:1      | 0 ||| qw: Lair rune preference: random
     0 | D:1      | 0 ||| qw: Goals: Normal
     0 | D:1      | 0 ||| PLANNING D:1-11
   140 | D:1      | Reached skill level 3 in Ranged Weapons
   148 | D:1      | Reached XP level 2. HP: 23/23 MP: 2/2
   228 | D:1      | Found Qommimn's Assorted Antiques.
   243 | D:1      | 243 ||| BUYING 2 smoky inky potions (46 gold).
   243 | D:1      | Bought 2 smoky inky potions for 46 gold pieces
   243 | D:1      | 243 ||| SHOPLISTING ruby potion (23 gold, have 2).
   243 | D:1      | 243 ||| SHOPLISTING sapphire potion (23 gold, have 2).
   243 | D:1      | 243 ||| SHOPLISTING scroll labelled QOPTOM GUAPT (26 gold,
                  | have 2).
   244 | D:1      | 244 ||| UPGRADING to ring of positive energy.
   245 | D:1      | 245 ||| DRINKING 2 grey potions.
   246 | D:1      | 246 ||| DRINKING 2 fizzy purple potions.
   247 | D:1      | 247 ||| DRINKING 2 smoky inky potions.
   248 | D:1      | 248 ||| DROPPING scroll of poison.
   249 | D:1      | 249 ||| DROPPING potion of invisibility.
   278 | D:1      | 278 ||| FLEEEEING.
   539 | D:2      | Found a faded altar of an unknown god.
   543 | D:2      | Reached XP level 3. HP: 29/29 MP: 3/3
   678 | D:2      | HP: 7/29 [poisoned by an adder]
   681 | D:2      | HP: 2/29 [poisoned by an adder]
   683 | D:2      | Reached skill level 4 in Ranged Weapons
   683 | D:2      | 683 ||| DRINKING potion of curing.
   683 | D:2      | 683 ||| (to cure poison)
   948 | D:2      | Reached XP level 4. HP: 29/36 MP: 4/4
  1117 | D:2      | 1117 ||| Stepping ~*~*~tactically~*~*~ (water).
  1119 | D:2      | 1119 ||| Stepping ~*~*~tactically~*~*~ (water).
  1121 | D:2      | 1121 ||| Stepping ~*~*~tactically~*~*~ (water).
  1123 | D:2      | 1123 ||| Stepping ~*~*~tactically~*~*~ (water).
  1125 | D:2      | 1125 ||| Stepping ~*~*~tactically~*~*~ (water).
  1127 | D:2      | 1127 ||| Stepping ~*~*~tactically~*~*~ (water).
  1129 | D:2      | 1129 ||| Stepping ~*~*~tactically~*~*~ (water).
  1131 | D:2      | 1131 ||| Stepping ~*~*~tactically~*~*~ (water).
  1133 | D:2      | 1133 ||| Stepping ~*~*~tactically~*~*~ (water).
  1136 | D:2      | 1136 ||| Stepping ~*~*~tactically~*~*~ (water).
  1138 | D:2      | 1138 ||| Stepping ~*~*~tactically~*~*~ (water).
  1140 | D:2      | 1140 ||| Stepping ~*~*~tactically~*~*~ (water).
  1142 | D:2      | 1142 ||| Stepping ~*~*~tactically~*~*~ (water).
  1144 | D:2      | 1144 ||| Stepping ~*~*~tactically~*~*~ (water).
  1146 | D:2      | 1146 ||| Stepping ~*~*~tactically~*~*~ (water).
  1148 | D:2      | 1148 ||| Stepping ~*~*~tactically~*~*~ (water).
  1150 | D:2      | 1150 ||| Stepping ~*~*~tactically~*~*~ (water).
  1152 | D:2      | 1152 ||| Stepping ~*~*~tactically~*~*~ (water).
  1154 | D:2      | 1154 ||| Stepping ~*~*~tactically~*~*~ (water).
  1156 | D:2      | 1156 ||| Stepping ~*~*~tactically~*~*~ (water).
  1158 | D:2      | 1158 ||| Stepping ~*~*~tactically~*~*~ (water).
  1160 | D:2      | 1160 ||| Stepping ~*~*~tactically~*~*~ (water).
  1162 | D:2      | 1162 ||| Stepping ~*~*~tactically~*~*~ (water).
  1164 | D:2      | 1164 ||| Stepping ~*~*~tactically~*~*~ (water).
  1167 | D:2      | 1167 ||| Stepping ~*~*~tactically~*~*~ (water).
  1169 | D:2      | 1169 ||| Stepping ~*~*~tactically~*~*~ (water).
  1171 | D:2      | 1171 ||| Stepping ~*~*~tactically~*~*~ (water).
  1173 | D:2      | 1173 ||| Stepping ~*~*~tactically~*~*~ (water).
  1175 | D:2      | 1175 ||| Stepping ~*~*~tactically~*~*~ (water).
  1177 | D:2      | 1177 ||| Stepping ~*~*~tactically~*~*~ (water).
  1179 | D:2      | 1179 ||| Stepping ~*~*~tactically~*~*~ (water).
  1181 | D:2      | 1181 ||| Stepping ~*~*~tactically~*~*~ (water).
  1183 | D:2      | 1183 ||| Stepping ~*~*~tactically~*~*~ (water).
  1185 | D:2      | 1185 ||| Stepping ~*~*~tactically~*~*~ (water).
  1187 | D:2      | 1187 ||| Stepping ~*~*~tactically~*~*~ (water).
  1189 | D:2      | 1189 ||| Stepping ~*~*~tactically~*~*~ (water).
  1191 | D:2      | 1191 ||| Stepping ~*~*~tactically~*~*~ (water).
  1193 | D:2      | 1193 ||| Stepping ~*~*~tactically~*~*~ (water).
  1195 | D:2      | 1195 ||| Stepping ~*~*~tactically~*~*~ (water).
  1197 | D:2      | 1197 ||| Stepping ~*~*~tactically~*~*~ (water).
  1199 | D:2      | 1199 ||| Stepping ~*~*~tactically~*~*~ (water).
  1445 | D:2      | 1445 ||| UPGRADING to +0 leather armour.
  1455 | D:2      | 1455 ||| DROPPING +0 robe.
  1622 | D:3      | HP: 7/36 [something (4)]
  1624 | D:3      | Slain by an orc wizard

Levels and vault maps discovered:
D:1:      ncdulo_watergridlock, layout_rooms, serial_shops,
          nicolae_shop_hallway_plus, grunt_decor_one_mirror
D:2:      wad_lake_hut, layout_rooms, nicolae_ecumenical_pavilion
D:3:      layout_rooms

Skill      XL: |  1  2  3 |
---------------+----------+-----
Ranged Weapons | 3 4 |  4.8
Fighting       | 2 |  2.0
Dodging        | |  2.1
Spellcasting   | |  1.0
Hexes          | |  2.0

Action                     |  1- 3 |  4- 6 || total
---------------------------+-------+-------++-------
   Fire: Sling             |   139 |    42 ||   181
    Use: Potion            |     4 |       ||     4
 Armour: Robe              |     8 |       ||     8
         Leather armour    |       |     9 ||     9
  Dodge: Dodged            |    72 |    17 ||    89

Table legend:
 A = Non-vault XP
 B = Vault XP
 C = Vault XP percentage of total XP
 D = Non-vault monster count
 E = Vault monster count
 F = Vault count percentage of total count
                 A         B        C        D         E       F
            +---------+---------+-------+---------+---------+-------
      Total |     125 |       0 |   0.0 |      52 |       0 |   0.0
            +---------+---------+-------+---------+---------+-------
        D:1 |      40 |       0 |   0.0 |      24 |       0 |   0.0
        D:2 |      72 |       0 |   0.0 |      23 |       0 |   0.0
        D:3 |      13 |       0 |   0.0 |       5 |       0 |   0.0
            +---------+---------+-------+---------+---------+-------
